 Dungeon Crawl Stone Soup version 0.28-a0-664-gc179e30c89 (webtiles) character file.

Game seed: 15645669751345914170

11713 pmoppi the Destroyer (level 11, -4/97 HPs)
             Began as a Pale Draconian Conjurer on Sept 29, 2021.
             Was a Follower of Sif Muna.
             Slain by a two-headed ogre (15 damage)
             ... on level 12 of the Dungeon on Oct 15, 2021.
             The game lasted 00:32:04 (16885 turns).

pmoppi the Destroyer (Pale Draconian Conjurer)     Turns: 16885, Time: 00:32:05

Health: -4/97      AC: 13    Str:  9    XL:     11   Next: 52%
Magic:  15/23      EV: 13    Int: 21    God:    Sif Muna [*.....]
Gold:   580        SH:  0    Dex: 11    Spells: 21/26 levels left

rFire   . . .      SeeInvis .   w - +4 scimitar
rCold   . . .      Faith    .   (no shield)
rNeg    . . .      Spirit   .   (armour unavailable)
rPois   .          Reflect  .   (helmet restricted)
rElec   .          Harm     .   k - +2 cloak
rCorr   .          Rampage  .   D - +0 pair of gloves
Will    .....                   t - +1 pair of boots
Stlth   ++........              y - amulet of magic regeneration
HPRegen 0.26/turn               (no ring)
MPRegen 0.43/turn               (no ring)

@: no status effects
A: breathe steam, AC +7, unfitting armour, cold-blooded, steam resistance
a: Breathe Steam, Renounce Religion, Channel Magic


You were on level 12 of the Dungeon.
You worshipped Sif Muna.
Sif Muna was aware of your devotion.
You visited 2 branches of the dungeon, and saw 13 of its levels.

You collected 580 gold pieces.

Inventory:

Hand Weapons
 b - a +0 dagger
 d - a +0 hand axe of freezing
 w - a +4 scimitar (weapon)
Missiles
 a - 173 stones
 m - a throwing net
Armour
 k - a +2 cloak (worn)
 t - a +1 pair of boots (worn)
 D - a +0 pair of gloves (worn)
Jewellery
 c - a ring of fire
 q - a ring of flight
 y - an amulet of magic regeneration (around neck)
 C - a ring of ice
Wands
 l - a wand of mindburst (3)
 v - a wand of iceblast (10)
 B - a wand of paralysis (5)
Scrolls
 f - 5 scrolls of identify
 h - 5 scrolls of teleportation
 o - a scroll of magic mapping
 r - 2 scrolls of vulnerability
 x - a scroll of holy word {unknown}
 A - a scroll of amnesia
 E - a scroll of brand weapon {unknown}
Potions
 e - 4 potions of attraction
 g - 3 potions of lignification
 i - 3 potions of brilliance
 j - a potion of heal wounds
 n - 3 potions of flight
 p - 4 potions of haste
 s - a potion of might
 u - a potion of magic
 z - 2 potions of curing {unknown}


   Skills:
 + Level 9.2 Fighting
 - Level 5.0 Dodging
 - Level 1.7 Stealth
 + Level 8.0 Spellcasting
 + Level 12.2 Conjurations
 + Level 6.0 Fire Magic
 + Level 3.1 Invocations


You had 21 spell levels left.
You knew the following spells:

 Your Spells              Type           Power      Damage    Failure   Level
a - Magic Dart            Conj           100%       1d8       1%          1
b - Sticky Flame          Conj/Fire      46%        2d6       1%          4

Your spell library contained the following spells:

 Spells                   Type           Power      Damage    Failure   Level
 Searing Ray              Conj           100%       2d8       1%          2
 Static Discharge         Conj/Air       34%        N/A       1%          2
 Dazzling Flash           Conj/Hex       68%        N/A       1%          3
 Fulminant Prism          Conj/Hex       17%        3d11      6%          4
 Hailstorm                Conj/Ice       34%        3d9       6%          4
 Iskenderun's Mystic Bla  Conj/Tloc      34%        2d8       6%          4
 Freeze                   Ice            32%        1d5       8%          1
 Ensorcelled Hibernation  Hex/Ice        16%        N/A       12%         2
 Frozen Ramparts          Ice            16%        1d3       24%         3
 Tukima's Dance           Hex            8%         N/A       24%         3
 Starburst                Conj/Fire      23%        6d8       28%         6
 Dispel Undead            Necr           8%         3d8       61%         4
 Alistair's Intoxication  Tmut/Pois      5%         N/A       91%         5
 Borgnjor's Vile Clutch   Necr/Erth      4%         N/A       91%         5
 Eringya's Noxious Bog    Tmut/Pois      4%         N/A       100%        6


Dungeon Overview and Level Annotations

Branches:
Dungeon (12/15)            Temple (1/1) D:7            Lair (0/6) D:10
    Orc: D:9-12

Altars:
Ashenzari
Cheibriados
Dithmenos
Elyvilon
Fedhas
Gozag
Hepliaklqana
Kikubaaqudgha
Makhleb
Nemelex Xobeh
Okawaru
Qazlal
Ru
Sif Muna
Trog
Uskayaw
Vehumet
Wu Jian
Xom
Yredelemnul
Zin
The Shining One


Innate Abilities, Weirdness & Mutations

You can breathe blasts of scalding, opaque steam.
Your pale cyan-grey scales are hard. (AC +7)
You cannot fit into any form of body armour.
You are cold-blooded and may be slowed by cold attacks.
You are immune to the effects of steam.


Message History

You have got your breath back.
The ogre mage burns!
The ogre mage hits you but does no damage.
You slash the ogre mage!
The ogre mage is severely wounded.
The ogre mage burns! x2; The ogre mage barely misses you.
The ogre mage points at the two-headed ogre and mumbles some strange words.
The two-headed ogre seems to speed up.
You hit the ogre mage.
The ogre mage is almost dead.
The ogre mage burns!
The ogre mage hits you with a +0 flail.
You slash the ogre mage!
You kill the ogre mage!
Sif Muna accepts your kill.
The two-headed ogre completely misses you.
The two-headed ogre hits you with a +0 giant spiked club!
Your Spellcasting skill increases to level 8!
Your Fire Magic skill increases to level 6!
Your Invocations skill increases to level 3!
Casting: Sticky Flame (mildly dangerous; 1% risk of failure)
Confirm with . or Enter, or press ? or * to list all spells.
Aiming: Sticky Flame (mildly dangerous; 1% risk of failure)
Press: ? - help, Shift-Dir - straight line, f - two-headed ogre
Aim: a two-headed ogre, wielding two +0 giant spiked clubs (fast, 100% to hit)
The sticky flame hits the two-headed ogre.
The two-headed ogre is lightly wounded.
The two-headed ogre is covered in liquid flames!
The two-headed ogre burns!
The two-headed ogre completely misses you.
The two-headed ogre hits you with a +0 giant spiked club!!
You hit the two-headed ogre.
The two-headed ogre is moderately wounded.
The two-headed ogre burns! x2
The two-headed ogre hits you with a +0 giant spiked club!!
* * * LOW HITPOINT WARNING * * *
The two-headed ogre hits you with a +0 giant spiked club!
* * * LOW HITPOINT WARNING * * *
A two-headed ogre comes into view. It is wielding two +0 giant clubs.
The two-headed ogre hits you with a +0 giant spiked club!
You die...

#..#.....>.##
#..####....#
#..# ###..#
#..######..#
#..........#
#.##.#######
##.##.#
#.###.[##.#
#.O@.....#
#O###.#####
#.# #.. ##.#
.# ?# .#


You could see 2 two-headed ogres.

Vanquished Creatures
  Fannar (D:11)
  An ogre mage (D:12)
  5 two-headed ogres
  A cyclops (D:11)
  3 trolls (D:9)
  2 polar bears (D:12)
  Grinder (D:6)
  A hornet (D:5)
  A shadow (D:10)
  A wraith (D:11)
  10 yaks
  A steam dragon (D:7)
  4 vampire mosquitoes (D:9)
  2 acid dragons
  2 water moccasins
  3 orc warriors
  An ice beast (D:6)
  4 necrophages
  4 centaurs
  A wyvern zombie (D:7)
  2 scorpions
  3 bullfrogs
  A water moccasin zombie (D:3)
  A water moccasin skeleton (D:5)
  10 wights
  2 centaur zombies
  A gnoll shaman (D:8)
  7 orc priests
  2 hounds
  2 centaur skeletons
  4 iguanas
  11 orc wizards
  A scorpion zombie (D:5)
  4 gnolls (D:8)
  2 howler monkey skeletons
  12 adders
  A white imp (D:7)
  2 ufetubi (D:5)
  An adder skeleton (D:4)
  A worm (D:4)
  2 dart slugs
  33 orcs
  An endoplasm (D:2)
  4 giant cockroaches
  10 goblins
  10 hobgoblins
  2 jackals (D:2)
  5 kobolds
  3 quokkas
  8 ball pythons
  12 bats
  2 frilled lizards
  5 rats
216 creatures vanquished.

Vanquished Creatures (others)
  An orc wizard (D:7)
  2 orcs (D:7)
  2 plants (D:2)
5 creatures vanquished.

Grand Total: 221 creatures vanquished

Notes
Turn   | Place    | Note
-------+----------+-------------------------------------------
     0 | D:1      | pmoppi the Draconian Conjurer began the quest for the Orb.
     0 | D:1      | Reached XP level 1. HP: 14/14 MP: 3/3
   252 | D:1      | Reached XP level 2. HP: 22/22 MP: 0/5
   933 | D:2      | Found a faded altar of an unknown god.
   935 | D:2      | Reached skill level 1 in Fighting
  1114 | D:2      | Reached XP level 3. HP: 28/28 MP: 2/6
  2066 | D:2      | Reached XP level 4. HP: 35/35 MP: 0/7
  2071 | D:2      | Learned a level 4 spell: Sticky Flame
  2756 | D:3      | Reached skill level 5 in Conjurations
  2756 | D:3      | Reached XP level 5. HP: 41/41 MP: 6/9
  3045 | D:3      | Reached skill level 1 in Fire Magic
  3411 | D:3      | Noticed a centaur
  3421 | D:3      | Killed a centaur
  3422 | D:3      | Reached XP level 6. HP: 41/50 MP: 2/10
  3650 | D:3      | Upgraded the game from 0.28-a0-563-gf77a47075d to
                  | 0.28-a0-664-gc179e30c89
  4723 | D:4      | Your scales start taking on a pale cyan-grey colour.
  4723 | D:4      | Reached XP level 7. HP: 57/57 MP: 6/12
  4723 | D:4      | Gained mutation: You are immune to the effects of steam.
                  | [Pale Draconian growth]
  4734 | D:4      | Reached skill level 6 in Conjurations
  5258 | D:5      | Entered Level 5 of the Dungeon
  6335 | D:5      | Reached XP level 8. HP: 59/66 MP: 3/13
  6452 | D:5      | Noticed a hornet
  6456 | D:5      | Killed a hornet
  6457 | D:5      | Reached skill level 7 in Conjurations
  6764 | D:6      | Noticed Grinder
  6772 | D:6      | Killed Grinder
  7078 | D:6      | Found a sparkling altar of Nemelex Xobeh.
  7390 | D:6      | Reached skill level 5 in Fighting
  7802 | D:6      | Reached skill level 8 in Conjurations
  7969 | D:6      | Reached XP level 9. HP: 65/73 MP: 8/16
  8499 | D:7      | Reached skill level 5 in Spellcasting
  8505 | D:7      | Reached skill level 5 in Dodging
  8505 | D:7      | Reached skill level 5 in Fire Magic
  9180 | D:7      | Found a staircase to the Ecumenical Temple.
  9546 | Temple   | Entered the Ecumenical Temple
  9858 | Temple   | Became a worshipper of Sif Muna the Loreminder
 10425 | D:8      | Reached skill level 9 in Conjurations
 10912 | D:8      | Noticed a two-headed ogre
 10924 | D:8      | Killed a two-headed ogre
 11550 | D:9      | Reached XP level 10. HP: 61/84 MP: 13/19
 11591 | D:9      | Reached skill level 10 in Conjurations
 12138 | D:8      | Reached * piety under Sif Muna
 12648 | D:9      | Noticed a two-headed ogre
 12667 | D:9      | Killed a two-headed ogre
 13125 | D:9      | Reached skill level 11 in Conjurations
 13524 | D:10     | Entered Level 10 of the Dungeon
 13952 | D:10     | Noticed a two-headed ogre
 14537 | D:10     | Killed a two-headed ogre
 14538 | D:10     | Reached XP level 11. HP: 43/95 MP: 13/22
 15217 | D:10     | Found a staircase to the Lair.
 15462 | D:11     | Reached skill level 1 in Invocations
 15582 | D:11     | Noticed Fannar
 15590 | D:11     | Killed Fannar
 15591 | D:11     | Reached skill level 12 in Conjurations
 16007 | D:11     | Noticed a two-headed ogre
 16014 | D:11     | Killed a two-headed ogre
 16802 | D:11     | Identified the +6 dagger of Destiny {drain, Drain rPois
                  | SInv}
 16806 | D:12     | Found a bloodstained altar of Trog.
 16873 | D:12     | Noticed a two-headed ogre
 16875 | D:12     | Noticed a two-headed ogre
 16877 | D:12     | Noticed an ogre mage
 16878 | D:12     | Killed a two-headed ogre
 16883 | D:12     | Killed an ogre mage
 16885 | D:12     | Noticed a two-headed ogre
 16885 | D:12     | Slain by a two-headed ogre

Illustrated notes

Levels and vault maps discovered:
D:1:      minmay_arrival_shattered_statue, layout_rooms
D:2:      layout_rooms, serial_forest, infiniplex_forest_straight_2,
          infiniplex_forest_clump_large, infiniplex_forest_lined_corner,
          infiniplex_forest_end_1, infiniplex_forest_end_3,
          basic_ecumenical_altar, chequers_avenue, grunt_ministairs_13
D:3:      layout_rooms
D:4:      layout_basic, kennysheep_generic_room_2
D:5:      layout_rooms, roderic_roman_lattice, item_on_display_a
D:6:      layout_loops_ring, nemelex_xobeh_ov_fountains_minmay, uniq_grinder
D:7:      layout_loops_ring, minmay_temple_entry_mist
D:8:      layout_loops_corners
D:9:      layout_gridville
D:10:     layout_small_grid, lair_entry_dummy
D:11:     layout_gridville, uniq_fannar
D:12:     layout_loops_ring, zombieorc2_lemuel, serial_shops,
          nicolae_shop_waterfront, kennysheep_little_box, shop,
          trog_ov_bears_minmay
Temple:   regret_index_temple_sigil_plot

Skill      XL: |  1  2  3  4  5  6  7  8  9 10 11 |
---------------+----------------------------------+-----
Dodging        | 2 3 4 5 |  5.0
Fighting       | 1 2 3 4 5 6 8 9 |  9.2
Conjurations   | 5 6 8 9 11 12 | 12.2
Fire Magic     | 1 2 3 4 5 6 |  6.0
Spellcasting   | 3 4 6 7 8 |  8.0
Invocations    | 3 |  3.1
Stealth        | |  1.7

Action                   |  1- 3 |  4- 6 |  7- 9 | 10-12 || total
-------------------------+-------+-------+-------+-------++-------
Melee: Unarmed           |     4 |       |       |       ||     4
       Hand axe          |    10 |    17 |   120 |       ||   147
       Tailslap          |       |     1 |    12 |     7 ||    20
       Scimitar          |       |       |    45 |    97 ||   142
 Cast: Magic Dart        |    86 |   132 |    40 |     2 ||   260
       Sticky Flame      |       |       |    70 |    43 ||   113
 Abil: Breathe Steam     |       |       |     1 |    12 ||    13
  Use: Scroll            |       |       |    15 |       ||    15
       Potion            |       |       |       |     2 ||     2
Armor: Skin              |    20 |    35 |   118 |    68 ||   241
Dodge: Dodged            |    23 |    50 |   190 |   127 ||   390

Table legend: (Time is in decaauts)
 A = Elapsed time spent in this place.
 B = Non-inter-level travel time spent in this place.
 C = Inter-level travel time spent in this place.
 D = Time resting spent in this place.
 E = Time spent auto-exploring this place.
 F = Levels seen in this place.
 G = Mean time per level.
                   A        B        C        D        E       F      G
               +--------+--------+--------+--------+--------+-----+--------+
         Total |  17025 |  16666 |    359 |   6847 |   7858 |  13 | 1309.6 |
       Dungeon |  16708 |  16374 |    334 |   6847 |   7587 |  12 | 1392.3 |
        Temple |    316 |    291 |     25 |      0 |    271 |   1 |  316.0 |
               +--------+--------+--------+--------+--------+-----+--------+

Top non-repeatable levels by time:
     D:8: 2006 daAuts
     D:9: 1947 daAuts
     D:2: 1792 daAuts
     D:6: 1724 daAuts
     D:4: 1570 daAuts
    D:10: 1509 daAuts
    D:11: 1507 daAuts
     D:5: 1310 daAuts
     D:7: 1170 daAuts
     D:3: 1153 daAuts
     D:1: 935 daAuts
  Temple: 316 daAuts
    D:12: 81 daAuts
